Map: Fracture LE

Players

Nyroc - Winner!

  • Race: Terran Terran
  • League: Master
  • Spawn Location: 11:00

Cellsidus

  • Race: Zerg Zerg
  • League: Master
  • Spawn Location: 5:00

VOD

Have the link to the VOD?

Description

Time

  • Played on: Aug. 24, 2018, 6:12 a.m.
  • Length: 20:44
Show
View Real Time Build Order
Export as new Build Order

Nyroc Terran - Winner!

Build Orders: Reaper Expand, MMM Bio 

Get SALT Encoding   

  12  0:00  SCV  
  13  0:13  SCV  
  14  0:17  Supply Depot  
  14  0:25  SCV  
  15  0:38  SCV  
  15  0:41  Barracks  
  16  0:45  Refinery  
  16  0:50  SCV  
  17  1:03  SCV  
  18  1:17  SCV  
  19  1:29  Orbital Command  
  19  1:30  Reaper  
  20  1:40  Command Center  
  20  1:52  Barracks  
  20  1:55  SCV  
  21  2:08  SCV, Barracks Reactor  
  22  2:10  Supply Depot  
  23  2:22  SCV  
  23  2:41  SCV  
  23  2:42  Refinery  
  23  2:44  Barracks Tech Lab  
  24  2:47  Marine x2  
  26  2:54  Engineering Bay  
  26  2:58  Orbital Command  
  25  3:04  SCV  
  26  3:06  Marine x2  
  26  3:07  Marine, Stimpack  
  29  3:16  Factory  
  29  3:18  SCV  
  30  3:27  Marine x2  
  30  3:28  Marine  
  30  3:30  Terran Infantry Weapons Level 1  
  30  3:32  SCV x2  
  35  3:45  Marine x3, SCV  
  39  3:51  Supply Depot  
  39  3:53  SCV  
  40  3:57  SCV  
  40  4:02  Factory Reactor  
  41  4:03  Supply Depot  
  41  4:04  Starport  
  41  4:05  SCV  
  41  4:08  Marine  
  41  4:09  SCV  
  44  4:12  Marine x2  
  46  4:17  SCV  
  46  4:21  SCV, Supply Depot  
  48  4:26  Marine  
  48  4:29  SCV  
  50  4:33  SCV, Marine x2  
  53  4:41  SCV  
  55  4:45  SCV  
  55  4:46  Supply Depot  
  55  4:49  Factory Reactor  
  55  4:50  Medivac x2  
  59  4:53  Marine x3  
  59  4:58  SCV x2  
  64  5:04  Command Center  
  64  5:10  Combat Shields, SCV x2  
  64  5:13  Marine x3  
  69  5:22  SCV x2, Refinery  
  69  5:23  Refinery  
  69  5:24  Terran Infantry Armor Level 1  
  71  5:33  Supply Depot  
  71  5:34  SCV x2  
  71  5:35  Widow Mine, Supply Depot  
  75  5:36  Marine x2  
  75  5:39  Marine  
  78  5:54  SCV x2  
  70  6:01  Marine x3  
  70  6:04  Medivac x2  
  67  6:06  SCV x2  
  71  6:12  Widow Mine x2  
  71  6:16  Barracks x2  
  71  6:18  SCV, Barracks  
  76  6:19  SCV, Engineering Bay, Marine  
  76  6:22  Armory  
  78  6:33  Widow Mine  
  78  6:34  Marine x2, Widow Mine  
  78  6:35  Orbital Command  
  78  6:36  Marine  
  85  6:48  Barracks  
  85  6:49  Barracks  
  85  6:52  SCV x2  
  87  7:04  SCV  
  88  7:09  Orbital Command  
  88  7:13  Terran Infantry Weapons Level 2  
  88  7:14  Barracks Reactor x3  
  88  7:16  Marine x3  
  91  7:26  SCV x2  
  91  7:28  Terran Infantry Armor Level 2  
  91  7:29  Medivac x2  
  90  7:37  Marine x3  
  90  7:39  Factory Tech Lab  
  86  7:44  SCV x3  
  86  7:48  Barracks Reactor  
  86  7:49  Barracks Tech Lab  
  89  7:52  Marine x6  
  89  7:55  Marine x3  
  89  7:56  SCV x2  
  100  7:59  Medivac x2  
  100  8:00  Siege Tank  
  107  8:07  Supply Depot  
  107  8:08  Supply Depot  
  107  8:09  Supply Depot  
  107  8:10  Marine x2  
  109  8:24  Concussive Shells  
  109  8:27  Marine x2, Refinery  
  109  8:28  Marine x8  
  109  8:29  Refinery  
  109  8:32  Marine x2  
  121  8:35  Siege Tank  
  121  8:40  SCV x2  
  124  8:45  Marine x2  
  124  8:46  Marine x7  
  133  8:53  Marine x2, Medivac x2  
  133  8:54  Marauder  
  127  9:03  Marine x2  
  127  9:04  Marine  
  127  9:07  Siege Tank  
  129  9:10  Marine x4  
  129  9:14  Supply Depot x2  
  133  9:19  Supply Depot  
  133  9:21  Command Center  
  133  9:33  Marine  
  133  9:34  Marauder  
  133  9:35  Marine, Medivac  
  133  9:38  Marine, Medivac  
  133  9:40  Marine  
  121  9:49  Marine x4  
  122  9:56  Marauder  
  124  10:02  Terran Infantry Weapons Level 3, Terran Infantry Armor Level 3  
  124  10:05  Medivac  
  125  10:08  Medivac  
  125  10:09  Marine  
  125  10:10  Marine x5  
  133  10:18  Siege Tank  
  136  10:38  Command Center  
  136  10:45  Command Center  
  136  10:48  Marine x8  
  144  10:50  Siege Tank  
  147  10:59  SCV x2  
  149  11:15  Marine x6, Marauder  
  157  11:29  Supply Depot  
  157  11:30  Supply Depot  
  157  11:34  Marine  
  157  11:36  Marauder  
  132  11:56  Marine  
  132  11:57  Marine x10, Marauder  
  132  11:58  Siege Tank  
  146  12:08  Planetary Fortress  
  146  12:14  Marine  
  142  12:15  Factory  
  142  12:16  Marauder  
  142  12:18  Marauder  
  143  12:30  Siege Tank  
  147  12:37  Marine x9, Marauder  
  147  12:40  Marauder  
  158  12:57  Barracks, Supply Depot  
  158  12:58  Barracks  
  158  12:59  SCV x3  
  161  13:11  SCV  
  158  13:17  Barracks Tech Lab  
  158  13:19  Command Center  
  157  13:20  Command Center  
  157  13:27  Siege Tank  
  157  13:28  Factory Tech Lab  
  157  13:33  Marauder x2  
  85  14:03  Marine x10, Marauder  
  85  14:06  Siege Tank x2  
  96  14:19  Barracks Tech Lab  
  96  14:20  Marine, Barracks Tech Lab  
  96  14:22  Marine  
  96  14:23  Marine x7  
  103  14:27  Terran Vehicle Weapons Level 1  
  103  14:38  Siege Tank  
  103  14:43  Marauder x3  
  103  14:44  Marauder x2  
  116  15:03  Planetary Fortress  
  116  15:04  Marauder  
  116  15:05  Marauder  
  120  15:08  Marine x2, Marauder x3  
  128  15:22  Marine x5, Siege Tank  
  128  15:26  Marauder  
  138  15:41  Marine x2, Marauder  
  138  15:42  Marauder x2, Marine x6  
  142  15:49  Planetary Fortress  
  142  15:56  Thor  
  148  16:01  Marine  
  148  16:02  Marine  
  150  16:04  Liberator x2  
  145  16:16  Marine x8, Marauder x3  
  159  16:19  Marine  
  159  16:24  Refinery  
  166  16:27  Marine  
  166  16:28  Thor  
  173  16:33  Marine  
  173  16:34  Marine  
  175  16:53  Marine x6, Marauder x2  
  134  17:13  Medivac x2  
  126  17:20  Marine x3  
  126  17:21  Marine x5, Marauder x2  
  138  17:41  Missile Turret  
  138  17:42  Missile Turret, Marauder x3, Marine x10  
  138  17:44  Medivac x2  
  156  17:49  SCV  
  157  18:00  Marine  
  157  18:01  Marauder  
  156  18:07  Siege Tank  
  156  18:08  Marine x7  
  169  18:14  Medivac x2  
  156  18:40  Orbital Command  
  139  18:44  Marine  
  139  18:45  Marine x4, Marauder  
  124  19:02  Marine x2  
  122  19:03  Marine x3  
  122  19:04  Marine  
  122  19:05  Marine  
  122  19:06  Marine  
  124  19:16  Supply Depot  
  124  19:17  Supply Depot  
  124  19:18  Command Center  
  124  19:28  Siege Tank  
  124  19:29  SCV, Medivac x2  
  129  19:39  Supply Depot  
  129  19:42  Supply Depot  
  101  19:57  Marine  
  101  19:58  Marine, Marauder  
  104  20:00  Siege Tank  
  104  20:04  Marine x7, Marauder  
  116  20:11  Orbital Command  
  116  20:15  Marine x2  
  116  20:19  Marauder  
  120  20:21  Marine  
Show
View Real Time Build Order
Export as new Build Order

Cellsidus Zerg 

Build Orders: Hatch First 

Get SALT Encoding   

  12  0:00  Drone  
  13  0:12  Overlord  
  13  0:16  Drone  
  14  0:31  Drone x2  
  14  0:35  Drone  
  17  0:53  Hatchery  
  17  0:55  Drone  
  17  0:58  Drone  
  18  1:09  Extractor  
  17  1:14  Spawning Pool  
  17  1:16  Drone  
  17  1:20  Drone  
  18  1:28  Drone  
  19  1:39  Overlord  
  19  1:50  Drone  
  20  2:01  Zergling x2  
  21  2:04  Queen x2  
  21  2:05  Zergling x2  
  26  2:08  Metabolic Boost  
  26  2:12  Drone  
  27  2:17  Drone  
  28  2:23  Drone  
  28  2:31  Drone  
  28  2:33  Drone  
  30  2:41  Drone  
  31  2:46  Overlord  
  31  2:47  Queen  
  33  2:54  Drone x2  
  35  3:05  Drone x2  
  37  3:09  Hatchery  
  37  3:11  Overlord  
  36  3:13  Drone x3  
  36  3:16  Overlord  
  39  3:25  Queen  
  41  3:27  Drone x2  
  41  3:32  Drone x2  
  45  3:37  Drone  
  45  3:38  Drone  
  45  3:40  Evolution Chamber  
  46  3:43  Overlord  
  46  3:44  Overlord  
  46  4:01  Extractor  
  46  4:02  Queen  
  47  4:03  Drone  
  47  4:04  Drone x5  
  47  4:06  Queen  
  55  4:12  Zerg Ground Armor Level 1  
  55  4:18  Drone x2  
  57  4:26  Zergling x12  
  57  4:27  Zergling x4  
  65  4:31  Queen  
  65  4:34  Overlord  
  65  4:37  Overlord  
  67  4:55  Zergling x10  
  67  4:56  Zergling x4  
  74  5:00  Drone x2  
  74  5:01  Drone  
  74  5:03  Queen  
  74  5:05  Drone x4  
  74  5:07  Queen  
  85  5:15  Zergling x2  
  85  5:16  Drone x2  
  85  5:20  Lair  
  88  5:21  Drone  
  88  5:22  Overlord, Baneling Nest  
  88  5:27  Overlord  
  88  5:43  Drone  
  88  5:44  Extractor  
  88  5:46  Queen  
  80  6:01  Drone  
  80  6:02  Drone x2  
  81  6:07  Queen  
  81  6:08  Hatchery  
  81  6:10  Drone x2  
  81  6:11  Extractor, Drone  
  84  6:13  Hatchery  
  83  6:21  Queen  
  85  6:31  Zerg Ground Armor Level 2, Hydralisk Den  
  84  6:33  Zergling x10, Evolution Chamber  
  84  6:34  Zergling x4  
  84  6:35  Drone  
  84  6:38  Extractor, Drone x3  
  93  6:42  Zergling x4  
  93  6:43  Zergling x10  
  93  6:44  Baneling x2  
  93  6:45  Baneling x4, Centrifical Hooks  
  100  6:58  Drone  
  100  6:59  Drone x2, Infestation Pit  
  100  7:00  Drone  
  103  7:04  Hydralisk  
  105  7:12  Zerg Melee Weapons Level 1, Extractor, Drone  
  96  7:24  Drone x6  
  96  7:25  Drone x3  
  96  7:26  Overlord x3  
  96  7:27  Overlord  
  103  7:46  Queen  
  103  7:47  Zergling x2, Hydralisk x7  
  103  7:48  Hydralisk x2  
  103  7:49  Zergling x6  
  127  7:53  Muscular Augments  
  127  7:54  Drone x2  
  127  7:55  Drone  
  130  8:15  Baneling x8  
  130  8:16  Baneling x4, Zergling x8  
  130  8:17  Zergling x12  
  140  8:26  Drone  
  141  8:28  Drone x5  
  141  8:29  Drone  
  141  8:33  Drone x2  
  149  8:36  Overlord x3, Hive  
  149  8:46  Zergling x2  
  149  8:47  Zergling x2  
  145  8:57  Zergling x4, Hydralisk  
  148  9:05  Hydralisk  
  148  9:06  Zergling x8, Hydralisk x3  
  148  9:07  Zergling x2  
  148  9:08  Overlord x2  
  148  9:09  Overlord x2  
  158  9:16  Zerg Melee Weapons Level 2  
  158  9:22  Overlord x3, Extractor  
  158  9:23  Overlord x2  
  135  9:42  Zergling x2, Hydralisk x6  
  135  9:43  Zergling x14  
  135  9:44  Zergling x6  
  130  9:52  Zerg Ground Armor Level 3  
  122  9:56  Ultralisk Cavern  
  122  9:57  Adrenal Glands  
  122  9:59  Zergling x2  
  102  10:11  Drone x4  
  102  10:12  Drone x4  
  102  10:13  Drone  
  111  10:30  Zergling x8, Hydralisk x4  
  111  10:31  Zergling x2  
  124  10:38  Zergling x4, Hydralisk  
  124  10:39  Zergling x2  
  124  10:42  Baneling x7  
  129  10:43  Baneling  
  129  10:46  Chitinous Plating  
  129  10:48  Zergling x2  
  130  10:59  Hydralisk x3  
  130  11:00  Zergling x8  
  140  11:04  Drone x3  
  140  11:06  Drone x2  
  143  11:15  Ultralisk  
  149  11:18  Drone x2  
  149  11:19  Drone x2  
  149  11:21  Baneling x3  
  149  11:22  Baneling x3  
  115  11:56  Zergling x2, Ultralisk x2  
  115  11:57  Zergling x14, Ultralisk  
  115  11:58  Zergling x6  
  115  11:59  Hydralisk x2  
  115  12:00  Zergling x4  
  126  12:08  Ultralisk  
  126  12:09  Zergling x2  
  133  12:16  Hydralisk x2  
  133  12:17  Zergling x6  
  138  12:38  Hatchery  
  137  12:48  Zerg Melee Weapons Level 3  
  137  12:49  Zergling x4  
  137  12:50  Zergling x14  
  135  13:19  Ultralisk  
  140  13:21  Baneling x14  
  140  13:22  Baneling x4  
  140  13:23  Zergling x8  
  144  13:32  Drone x2  
  144  13:33  Drone x2  
  124  14:01  Zergling x6, Ultralisk  
  124  14:02  Zergling x14  
  124  14:13  Hydralisk x3  
  124  14:15  Drone x2  
  124  14:16  Drone x2  
  134  14:34  Hatchery  
  134  14:35  Zergling x2, Hydralisk x2  
  134  14:36  Zergling x8  
  142  14:47  Hydralisk  
  142  14:48  Zergling x8, Hydralisk  
  150  14:58  Viper  
  150  14:59  Viper x3  
  162  15:03  Baneling  
  162  15:04  Baneling x7  
  162  15:06  Baneling x2  
  161  15:47  Drone x4  
  165  16:00  Zergling x8, Hydralisk x2  
  165  16:01  Zergling x10, Ultralisk  
  165  16:02  Zergling x14  
  165  16:03  Zergling x8  
  192  16:09  Hydralisk  
  192  16:10  Zergling x4  
  178  16:23  Zergling x4, Hydralisk x2  
  178  16:24  Zergling x12  
  190  16:39  Zergling x4, Hydralisk x3  
  199  16:40  Zergling x4  
  159  17:08  Zergling x6, Hydralisk x6  
  134  17:09  Zergling x10, Hydralisk x2  
  151  17:18  Zergling x6, Hydralisk x3  
  160  17:28  Hatchery  
  160  17:29  Zergling x8, Ultralisk  
  169  17:35  Baneling x6  
  169  17:36  Baneling x4  
  169  17:39  Zergling x4  
  166  18:03  Hydralisk x3  
  166  18:04  Zergling x10, Hydralisk  
  177  18:15  Ultralisk x2  
  177  18:16  Zergling x2  
  142  18:45  Hydralisk  
  142  18:46  Zergling x6, Hydralisk x2, Ultralisk  
  130  19:09  Drone x5  
  139  19:10  Drone x6  
  139  19:16  Drone x2  
  139  19:17  Drone  
  144  19:28  Hydralisk  
  144  19:29  Zergling x8  
  79  19:54  Hydralisk  
  79  19:55  Zergling x8, Hydralisk x2  
  79  19:56  Zergling x8  
  84  20:06  Zergling x2  
  84  20:07  Zergling x4  
  87  20:12  Hydralisk  
  87  20:13  Zergling x4, Hydralisk  
  93  20:14  Zergling x2  
Tags
 
Add a new tag
Caveats
  • Supply blocks, unpowered buildings, or Contaminate may cause inaccurate times.
  • Supply counts are checked every 10 seconds.